Monarchs vs Ice Hogs

Created - Monday, February 23, 2015 at 00:13

Goals
1 2 3 T
Monarchs 0 1 0 1
Ice Hogs 0 1 1 2
Shots
1 2 3 T
Monarchs 7 11 13 31
Ice Hogs 5 8 8 21

1st period

No Goal

Penalties :
Jean-Philippe Cote (RIH) for Fighting (Major) at 1:40, Raffi Torres (MAN) for Fighting (Major) at 1:40, Travis Morin (RIH) for Tripping (Minor) at 14:37, Jean-Philippe Cote (RIH) for Hooking (Minor) at 18:24

2nd period

1. Monarchs , Keith Ballard 43 (Raffi Torres, Brett Olson) at 2:59 (PP)
2. Ice Hogs , Riley Sheahan 29 (Jean-Philippe Cote) at 13:17

Penalties :
Travis Morin (RIH) for Interference (Minor) at 2:43

3rd period

3. Ice Hogs , Michael Bournival 7 (Brandon Gormley) at 10:48

Penalties :
Jason Jaffray (MAN) for Hooking (Minor) at 0:52, Tanner Pearson (RIH) for Holding (Minor) at 15:47

Goalie Stats

Reto Berra (MAN), 19 saves from 21 shots - (0.905), L, 3-3-4, 59:00 minutes
Scott Darling (RIH), 30 saves from 31 shots - (0.968), W, 52-3-6, 60:00 minutes

Players Stats for Monarchs

Player Name              G  A  P  +/- PIM S  H  SB GA TA FO     MP     PP MP  PK MP  
------------------------------------------------------------------------------------
Bobby Robins             0  0  0  -2  0   0  1  0  0  0  1/3    16:50   0:23   1:07 
Brett Olson              0  1  1   0  0   1  0  0  1  0  7/11   19:59   2:05   0:00 
C.J. Stretch             0  0  0  -2  0   3  0  0  0  1  3/7    16:44   0:44   0:52 
David Rundblad           0  0  0   0  0   2  0  1  2  2  0/0    14:23   0:00   0:00 
Derek Forbort            0  0  0  -1  0   2  0  2  0  0  0/0    20:27   1:53   0:51 
Jared Knight             0  0  0   0  0   0  1  0  0  0  0/1    21:32   3:23   1:39 
Jason Jaffray            0  0  0   0  2   2  0  3  0  0  1/2    21:54   3:24   0:00 
Joe Morrow               0  0  0  -1  0   4  0  0  0  0  0/0    20:27   1:53   0:51 
Jordan Hill              0  0  0   0  0   0  1  1  0  1  0/0    14:53   0:00   0:00 
Keith Ballard            1  0  1  -1  0   9  3  0  6  4  0/0    25:09   4:20   1:08 
Luke Gazdic              0  0  0   0  0   0  1  0  0  0  0/0     2:43   0:00   0:00 
Matej Stransky           0  0  0   0  0   2  1  0  0  0  1/1    19:53   2:27   0:00 
Mathieu Tousignant       0  0  0   0  0   0  0  0  0  0  0/0     1:02   0:00   0:00 
Mikhail Grigorenko       0  0  0   0  0   0  0  1  8  0  10/15  20:29   3:24   0:20 
Nathan Paetsch           0  0  0  -1  0   0  0  0  0  0  0/0    20:35   4:20   1:08 
Raffi Torres             0  1  1  -2  5   3  0  0  1  0  0/1    17:11   2:27   0:00 
Ryan Malone              0  0  0   0  0   2  2  0  2  1  1/2    19:09   0:22   0:00 
Taylor Doherty           0  0  0   0  0   1  0  0  0  0  0/0     4:34   0:00   0:00 

Players Stats for Ice Hogs

Player Name              G  A  P  +/- PIM S  H  SB GA TA FO     MP     PP MP  PK MP  
------------------------------------------------------------------------------------
Brandon Gormley          0  1  1   0  0   0  1  0  0  1  0/0    17:17   0:00   0:00 
Brandon Pirri            0  0  0   0  0   0  1  2  0  0  0/1     4:43   0:00   0:00 
Chay Genoway             0  0  0   1  0   1  1  2  0  0  0/0    24:24   0:47   3:11 
Derek Roy                0  0  0   1  0   1  0  0  2  0  1/2    19:25   0:54   0:56 
J.T. Miller              0  0  0   0  0   1  1  1  1  1  0/0    12:03   0:54   0:00 
Jason Garrison           0  0  0   1  0   3  2  1  2  4  0/0    24:56   0:47   3:11 
Jean-Philippe Cote       0  1  1   1  7   0  0  1  1  0  0/0    16:43   1:12   1:27 
Mathieu Brodeur          0  0  0   1  0   0  0  1  0  1  0/0    16:21   0:00   1:35 
Michael Bournival        1  0  1   2  0   1  2  0  2  0  0/5    16:26   0:00   2:59 
Oscar Lindberg           0  0  0   1  0   1  0  0  0  0  1/2    10:28   0:00   0:00 
Peter LeBlanc            0  0  0   0  0   0  0  0  0  0  0/0     0:25   0:00   0:00 
Riley Sheahan            1  0  1   1  0   5  0  0  4  2  5/16   18:44   0:54   0:00 
Roman Horak              0  0  0   0  0   2  0  1  0  0  3/4    20:29   0:00   3:30 
Seth Griffith            0  0  0   1  0   0  1  0  0  1  0/1    19:04   0:00   3:14 
Tanner Pearson           0  0  0   0  2   2  4  1  1  1  1/2    16:19   1:05   0:00 
Travis Morin             0  0  0   0  4   1  0  1  3  0  7/9    19:12   1:05   1:47 
Tyler Toffoli            0  0  0   0  0   1  3  0  1  0  1/1    15:39   1:05   0:00 
Zach Redmond             0  0  0   0  0   2  2  2  0  0  0/0    20:59   1:12   3:02 

3 Stars

1 - Scott Darling (RIH)
2 - Michael Bournival (RIH)
3 - Riley Sheahan (RIH)

Power Play

Monarchs - 1 on 4 Attempt(s) - 25.00%
Ice Hogs - 0 on 1 Attempt(s) - 0.00%

Penalty Kill

Monarchs - 1 on 1 Attempt(s) - 100.00% - Score 0 goal in Penalty Kill
Ice Hogs - 3 on 4 Attempt(s) - 75.00% - Score 0 goal in Penalty Kill

Team Stat

Monarchs - Hits : 10 - Faceoff Wins : 24 - Blocked Shots : 8 - Penalty Minutes : 7
Ice Hogs - Hits : 18 - Faceoff Wins : 19 - Blocked Shots : 13 - Penalty Minutes : 13

Official

Referees : Unknown
Linesman : Unknown

Game Notes

Jean-Philippe Cote and Raffi Torres fight to a draw at 1:40 of 1st period
Brandon Pirri is injured at 17:31 of 1st period (Broken Bone (Right Foot))

Finance

Level 1 -- Attendance: 1638 (81.90%) -- Ticket Income $57,330
Level 2 -- Attendance: 703 (70.30%) -- Ticket Income $10,545
Total Attendance: 2341 (78.03%)
Total Ticket Income: $67,875
Other Income: $33,259
Total Income: $101,134

Monarchs

5 vs 5 Forward 
   Center                   Left Wing                Right Wing               Time % Phy DF OF 
 1 Mikhail Grigorenko       Jason Jaffray            Jared Knight             35     1   2  2  
 2 Brett Olson              Ryan Malone              Matej Stransky           30     1   2  2  
 3 C.J. Stretch             Raffi Torres             Bobby Robins             22     1   2  2  
 4 Ryan Malone              Jason Jaffray            Raffi Torres             13     1   2  2  

5 vs 5 Defense 
   Defense                  Defense                                           Time % Phy DF OF 
 1 Keith Ballard            Nathan Paetsch                                    35     1   2  2  
 2 Joe Morrow               Derek Forbort                                     30     1   2  2  
 3 David Rundblad           Jordan Hill                                       22     1   2  2  
 4 Taylor Doherty           Keith Ballard                                     13     1   2  2  

PowerPlay Forward 
   Center                   Left Wing                Right Wing               Time % Phy DF OF 
 1 Mikhail Grigorenko       Jason Jaffray            Jared Knight             60     1   2  2  
 2 Brett Olson              Raffi Torres             Matej Stransky           40     1   2  2  

PowerPlay Defense
   Defense                  Defense                                           Time % Phy DF OF 
 1 Keith Ballard            Nathan Paetsch                                    60     1   2  2  
 2 Joe Morrow               Derek Forbort                                     40     1   2  2  

Penalty Kill 4 Players Forward 
   Center                   Wing                     Time % Phy DF OF 
 1 Jason Jaffray            Jared Knight             60     1   2  2  
 2 Raffi Torres             Mikhail Grigorenko       40     1   2  2  

Penalty Kill 4 Players Defense
   Defense                  Defense                  Time % Phy DF OF 
 1 Keith Ballard            Nathan Paetsch           60     1   2  2  
 2 Joe Morrow               Derek Forbort            40     1   2  2  

Penalty Kill - 3 Players Forward 
   Forward                                           Time % Phy DF OF 
 1 Jason Jaffray                                     60     1   2  2  
 2 Mikhail Grigorenko                                40     1   2  2  

Penalty Kill - 3 Players Defense
   Defense                  Defense                  Time % Phy DF OF 
 1 Keith Ballard            Nathan Paetsch           60     1   2  2  
 2 Joe Morrow               Derek Forbort            40     1   2  2  

4 vs 4 Forward 
   Center                   Wing                     Time % Phy DF OF 
 1 Jason Jaffray            Brett Olson              60     1   2  2  
 2 Raffi Torres             Mikhail Grigorenko       40     1   2  2  

4 vs 4 Defense
   Defense                  Defense                  Time % Phy DF OF 
 1 Keith Ballard            Nathan Paetsch           60     1   2  2  
 2 Joe Morrow               Derek Forbort            40     1   2  2  

Last Minutes Offensive
   Center                   Left Wing                Right Wing               Defense                  Defense                  
   Mikhail Grigorenko       Jason Jaffray            Jared Knight             Keith Ballard            Nathan Paetsch           

Last Minutes Defensive
   Center                   Left Wing                Right Wing               Defense                  Defense                  
   Mikhail Grigorenko       Jason Jaffray            Jared Knight             Keith Ballard            Nathan Paetsch           

Goaltenders
Starting : Reto Berra               
Backup : Kenny Reiter             

Extra Forwards
Normal : C.J. Stretch, Jason Jaffray, Bobby Robins - PP : C.J. Stretch, Jason Jaffray - PK : Bobby Robins
Extra Defensemen
Normal : David Rundblad, Jordan Hill, Taylor Doherty - PP : David Rundblad - PK : Jordan Hill, Taylor Doherty
Penalty Shots
Jason Jaffray, Jared Knight, Raffi Torres, Mikhail Grigorenko, Brett Olson

Ice Hogs

5 vs 5 Forward 
   Center                   Left Wing                Right Wing               Time % Phy DF OF 
 1 Brandon Pirri            Tanner Pearson           Tyler Toffoli            30     0   2  3  
 2 Riley Sheahan            Derek Roy                J.T. Miller              25     0   2  3  
 3 Travis Morin             Roman Horak              Seth Griffith            25     1   2  2  
 4 Oscar Lindberg           Michael Bournival        Derek Roy                20     1   2  2  

5 vs 5 Defense 
   Defense                  Defense                                           Time % Phy DF OF 
 1 Jason Garrison           Chay Genoway                                      30     1   2  2  
 2 Mathieu Brodeur          Jean-Philippe Cote                                30     1   2  2  
 3 Zach Redmond             Brandon Gormley                                   30     1   2  2  
 4 Jason Garrison           Chay Genoway                                      10     1   2  2  

PowerPlay Forward 
   Center                   Left Wing                Right Wing               Time % Phy DF OF 
 1 Brandon Pirri            Travis Morin             Tyler Toffoli            50     0   1  4  
 2 Riley Sheahan            Derek Roy                J.T. Miller              50     0   1  4  

PowerPlay Defense
   Defense                  Defense                                           Time % Phy DF OF 
 1 Jason Garrison           Chay Genoway                                      50     0   1  4  
 2 Zach Redmond             Jean-Philippe Cote                                50     0   1  4  

Penalty Kill 4 Players Forward 
   Center                   Wing                     Time % Phy DF OF 
 1 Michael Bournival        Roman Horak              50     1   4  0  
 2 Travis Morin             Seth Griffith            50     1   4  0  

Penalty Kill 4 Players Defense
   Defense                  Defense                  Time % Phy DF OF 
 1 Jason Garrison           Chay Genoway             50     1   4  0  
 2 Zach Redmond             Jean-Philippe Cote       50     1   4  0  

Penalty Kill - 3 Players Forward 
   Forward                                           Time % Phy DF OF 
 1 Roman Horak                                       50     1   4  0  
 2 Michael Bournival                                 50     1   4  0  

Penalty Kill - 3 Players Defense
   Defense                  Defense                  Time % Phy DF OF 
 1 Jason Garrison           Chay Genoway             50     1   4  0  
 2 Zach Redmond             Jean-Philippe Cote       50     1   4  0  

4 vs 4 Forward 
   Center                   Wing                     Time % Phy DF OF 
 1 Travis Morin             Seth Griffith            50     1   2  2  
 2 Riley Sheahan            Derek Roy                50     1   2  2  

4 vs 4 Defense
   Defense                  Defense                  Time % Phy DF OF 
 1 Mathieu Brodeur          Jean-Philippe Cote       50     1   2  2  
 2 Zach Redmond             Brandon Gormley          50     1   2  2  

Last Minutes Offensive
   Center                   Left Wing                Right Wing               Defense                  Defense                  
   Riley Sheahan            Derek Roy                Brandon Pirri            Jason Garrison           Jean-Philippe Cote       

Last Minutes Defensive
   Center                   Left Wing                Right Wing               Defense                  Defense                  
   Roman Horak              Michael Bournival        Seth Griffith            Jason Garrison           Jean-Philippe Cote       

Goaltenders
Starting : Scott Darling            
Backup : Farm Player86            

Extra Forwards
Normal : Tyler Toffoli, Riley Sheahan, Travis Morin - PP : Tanner Pearson, Riley Sheahan - PK : Riley Sheahan
Extra Defensemen
Normal : Jean-Philippe Cote, Brandon Gormley, Chay Genoway - PP : Jean-Philippe Cote - PK : Mathieu Brodeur, Brandon Gormley
Penalty Shots
Riley Sheahan, Derek Roy, Travis Morin, Roman Horak, Seth Griffith

% Time on Ice - Monarchs

Lines # - Real PCT - Wanted PCT - Time Play
Normal Forward
1 - 32% - 35% - 16:08
2 - 33% - 30% - 17:01
3 - 29% - 22% - 15:05
4 - 6% - 13% - 2:54
Normal Defense
1 - 29% - 35% - 14:44
2 - 35% - 30% - 17:43
3 - 28% - 22% - 14:07
4 - 9% - 13% - 4:34
PP Forward
1 - 61% - 60% - 3:46
2 - 39% - 40% - 2:27
PP Defense
1 - 70% - 60% - 4:20
2 - 30% - 40% - 1:53
PK Forward
1 - 100% - 60% - 1:59
2 - 0% - 40% - 0:00
PK Defense
1 - 57% - 60% - 1:08
2 - 43% - 40% - 0:51
PK3 Forward
1 - 0% - 60%
2 - 0% - 40%
PK3 Defense
1 - 0% - 60%
2 - 0% - 40%
44 Forward
1 - 0% - 60%
2 - 0% - 40%
44 Defense
1 - 0% - 60%
2 - 0% - 40%
Last Minute Offensive  - 0:40
Last Minute Defensive  - 0:00
Total
Forward - 60:00
Defense - 60:00

% Time on Ice - Ice Hogs

Lines # - Real PCT - Wanted PCT - Time Play
Normal Forward
1 - 31% - 30% - 15:46
2 - 22% - 25% - 11:20
3 - 27% - 25% - 13:40
4 - 20% - 20% - 10:28
Normal Defense
1 - 31% - 30% - 15:56
2 - 28% - 30% - 14:35
3 - 32% - 30% - 16:34
4 - 8% - 10% - 4:09
PP Forward
1 - 55% - 50% - 1:05
2 - 45% - 50% - 0:54
PP Defense
1 - 39% - 50% - 0:47
2 - 61% - 50% - 1:12
PK Forward
1 - 48% - 50% - 2:59
2 - 52% - 50% - 3:14
PK Defense
1 - 51% - 50% - 3:11
2 - 49% - 50% - 3:02
PK3 Forward
1 - 0% - 50%
2 - 0% - 50%
PK3 Defense
1 - 0% - 50%
2 - 0% - 50%
44 Forward
1 - 0% - 50%
2 - 0% - 50%
44 Defense
1 - 0% - 50%
2 - 0% - 50%
Last Minute Offensive  - 0:00
Last Minute Defensive  - 0:34
Total
Forward - 60:00
Defense - 60:00

Play by Play

1st period


0:01 of 1st period - Mikhail Grigorenko wins face-off versus Brandon Pirri in neutral zone.
0:22 of 1st period - Keith Ballard is hit by Tanner Pearson and loses puck.
1:17 of 1st period - Joe Morrow is hit by Chay Genoway and loses puck.
1:40 of 1st period - Jean-Philippe Cote and Raffi Torres fight to a draw.
1:40 of 1st period - Penalty to Jean-Philippe Cote for Fighting.
1:40 of 1st period - Penalty to Raffi Torres for Fighting.
1:41 of 1st period - Travis Morin wins face-off versus C.J. Stretch in Ice Hogs zone.
2:52 of 1st period - Michael Bournival is hit by Jordan Hill.
2:58 of 1st period - Matej Stransky is hit by Michael Bournival and loses puck.
4:19 of 1st period - Snap shot by Riley Sheahan.
4:19 of 1st period - Shot Blocked by Jason Jaffray.
5:23 of 1st period - Matej Stransky is hit by Tyler Toffoli and loses puck.
5:44 of 1st period - Wrist shot by Travis Morin.
5:44 of 1st period - Shot Misses the Net.
5:52 of 1st period - Zach Redmond is hit by Keith Ballard and loses puck.
6:16 of 1st period - Riley Sheahan is hit by Luke Gazdic and loses puck.
6:27 of 1st period - Snap shot by Riley Sheahan.
6:27 of 1st period - Stopped by Reto Berra with a rebound.
6:29 of 1st period - Slapshot by Jason Garrison.
6:29 of 1st period - Stopped by Reto Berra with a rebound.
6:51 of 1st period - Luke Gazdic is hit by Brandon Pirri and loses puck.
7:55 of 1st period - Matej Stransky is hit by Tanner Pearson.
8:20 of 1st period - Slapshot by Michael Bournival.
8:20 of 1st period - Shot Blocked by Derek Forbort.
8:38 of 1st period - Slapshot by Keith Ballard.
8:38 of 1st period - Shot Blocked by Jean-Philippe Cote.
8:40 of 1st period - Slapshot by Taylor Doherty.
8:40 of 1st period - Stopped by Scott Darling with a rebound.
8:42 of 1st period - Slapshot by Keith Ballard.
8:42 of 1st period - Stopped by Scott Darling with a rebound.
9:10 of 1st period - Wrist shot by Travis Morin.
9:10 of 1st period - Shot Blocked by Jordan Hill.
9:12 of 1st period - Slapshot by Zach Redmond.
9:12 of 1st period - Stopped by Reto Berra with a rebound.
9:14 of 1st period - Slapshot by Zach Redmond.
9:14 of 1st period - Stopped by Reto Berra with a rebound.
9:16 of 1st period - Slapshot by Brandon Gormley.
9:16 of 1st period - Shot Blocked by David Rundblad.
9:18 of 1st period - Snap shot by Seth Griffith.
9:18 of 1st period - Shot Blocked by Jason Jaffray.
10:17 of 1st period - Slapshot by Keith Ballard.
10:17 of 1st period - Shot Misses the Net.
10:39 of 1st period - Jean-Philippe Cote is hit by Ryan Malone and loses puck.
11:38 of 1st period - Backhand shot by David Rundblad.
11:38 of 1st period - Shot Blocked by Chay Genoway.
14:03 of 1st period - Snap shot by J.T. Miller.
14:03 of 1st period - Stopped by Reto Berra without a rebound.
14:04 of 1st period - Riley Sheahan wins face-off versus Brett Olson in Monarchs zone.
14:15 of 1st period - Brett Olson is hit by Brandon Gormley and loses puck.
14:37 of 1st period - Minor Penalty to Travis Morin for Tripping.
14:38 of 1st period - Roman Horak wins face-off versus Mikhail Grigorenko in Ice Hogs zone.
15:07 of 1st period - Wrist shot by Raffi Torres.
15:07 of 1st period - Stopped by Scott Darling without a rebound.
15:08 of 1st period - C.J. Stretch wins face-off versus Derek Roy in Ice Hogs zone.
15:35 of 1st period - Slapshot by Keith Ballard.
15:35 of 1st period - Stopped by Scott Darling with a rebound.
15:37 of 1st period - Snap shot by Keith Ballard.
15:37 of 1st period - Shot Misses the Net.
16:19 of 1st period - Slapshot by Keith Ballard.
16:19 of 1st period - Shot Blocked by Chay Genoway.
16:37 of 1st period - Penalty to Travis Morin is over, Travis Morin is back on ice.
17:01 of 1st period - Slapshot by David Rundblad.
17:01 of 1st period - Shot Blocked by Brandon Pirri.
17:03 of 1st period - Slapshot by Ryan Malone.
17:03 of 1st period - Stopped by Scott Darling with a rebound.
17:05 of 1st period - Snap shot by C.J. Stretch.
17:05 of 1st period - Stopped by Scott Darling with a rebound.
17:07 of 1st period - Snap shot by Jordan Hill.
17:07 of 1st period - Shot Blocked by Brandon Pirri.
17:21 of 1st period - David Rundblad is hit by Tyler Toffoli and loses puck.
17:30 of 1st period - Brandon Pirri is hit by Bobby Robins and loses puck.
17:31 of 1st period - Brandon Pirri from Ice Hogs is injured at 17:31 of 1st period (Broken Bone (Right Foot)).
17:32 of 1st period - Riley Sheahan wins face-off versus Jason Jaffray in Ice Hogs zone.
17:57 of 1st period - Backhand shot by Keith Ballard.
17:57 of 1st period - Shot Misses the Net.
17:59 of 1st period - Wrist shot by Mikhail Grigorenko.
17:59 of 1st period - Shot Misses the Net.
18:01 of 1st period - Snap shot by Jason Jaffray.
18:01 of 1st period - Stopped by Scott Darling without a rebound.
18:02 of 1st period - Matej Stransky wins face-off versus Travis Morin in Ice Hogs zone.
18:24 of 1st period - Minor Penalty to Jean-Philippe Cote for Hooking.
18:25 of 1st period - Jason Jaffray wins face-off versus Michael Bournival in Ice Hogs zone.
19:13 of 1st period - Wrist shot by Raffi Torres.
19:13 of 1st period - Shot Misses the Net.
Goals for this period are 0 for Monarchs vs 0 for Ice Hogs.
Shots for this period are 7 for Monarchs vs 5 for Ice Hogs.

2nd period


0:01 of 2nd period - Travis Morin wins face-off versus Mikhail Grigorenko in neutral zone.
0:03 of 2nd period - Off-side.
0:04 of 2nd period - Mikhail Grigorenko wins face-off versus Travis Morin in neutral zone.
0:08 of 2nd period - Slapshot by Keith Ballard.
0:08 of 2nd period - Stopped by Scott Darling with a rebound.
0:24 of 2nd period - Penalty to Jean-Philippe Cote is over, Jean-Philippe Cote is back on ice.
1:39 of 2nd period - Wrist shot by Raffi Torres.
1:39 of 2nd period - Shot Misses the Net.
1:49 of 2nd period - C.J. Stretch is hit by Zach Redmond and loses puck.
2:02 of 2nd period - Slapshot by Joe Morrow.
2:02 of 2nd period - Shot Blocked by Zach Redmond.
2:09 of 2nd period - Snap shot by Derek Forbort.
2:09 of 2nd period - Deflect By Riley Sheahan.
2:09 of 2nd period - Stopped by Scott Darling with a rebound.
2:32 of 2nd period - Tanner Pearson is hit by Jared Knight and loses puck.
2:37 of 2nd period - Slapshot by David Rundblad.
2:37 of 2nd period - Shot Blocked by Tanner Pearson.
2:43 of 2nd period - Minor Penalty to Travis Morin for Interference.
2:44 of 2nd period - Brett Olson wins face-off versus Roman Horak in Ice Hogs zone.
2:57 of 2nd period - Slapshot by Keith Ballard.
2:57 of 2nd period - Stopped by Scott Darling with a rebound.
2:59 of 2nd period - Backhand shot by Keith Ballard.
2:59 of 2nd period - Goal by Keith Ballard - Monarchs : 1 - Ice Hogs : 0.
3:00 of 2nd period - Travis Morin wins face-off versus Mikhail Grigorenko in neutral zone.
3:59 of 2nd period - Slapshot by Keith Ballard.
3:59 of 2nd period - Stopped by Scott Darling with a rebound.
4:47 of 2nd period - Slapshot by David Rundblad.
4:47 of 2nd period - Stopped by Scott Darling with a rebound.
7:39 of 2nd period - Keith Ballard is hit by J.T. Miller and loses puck.
7:50 of 2nd period - Jason Garrison is hit by Matej Stransky.
9:13 of 2nd period - Roman Horak is hit by Ryan Malone and loses puck.
9:47 of 2nd period - Snap shot by Raffi Torres.
9:47 of 2nd period - Shot Blocked by Zach Redmond.
10:09 of 2nd period - Snap shot by Tanner Pearson.
10:09 of 2nd period - Stopped by Reto Berra with a rebound.
10:11 of 2nd period - Snap shot by Derek Roy.
10:11 of 2nd period - Stopped by Reto Berra without a rebound.
10:12 of 2nd period - Derek Roy wins face-off versus Mikhail Grigorenko in Monarchs zone.
11:17 of 2nd period - Slapshot by Raffi Torres.
11:17 of 2nd period - Stopped by Scott Darling with a rebound.
13:01 of 2nd period - Nathan Paetsch is hit by Seth Griffith.
13:17 of 2nd period - Snap shot by Riley Sheahan.
13:17 of 2nd period - Goal by Riley Sheahan - Monarchs : 1 - Ice Hogs : 1.
13:18 of 2nd period - Travis Morin wins face-off versus C.J. Stretch in neutral zone.
13:23 of 2nd period - Slapshot by Jason Garrison.
13:23 of 2nd period - Shot Misses the Net.
14:11 of 2nd period - Zach Redmond is hit by Keith Ballard and loses puck.
14:20 of 2nd period - Slapshot by Joe Morrow.
14:20 of 2nd period - Stopped by Scott Darling with a rebound.
14:22 of 2nd period - Snap shot by Joe Morrow.
14:22 of 2nd period - Stopped by Scott Darling with a rebound.
14:24 of 2nd period - Slapshot by Jason Jaffray.
14:24 of 2nd period - Stopped by Scott Darling without a rebound.
14:25 of 2nd period - Mikhail Grigorenko wins face-off versus Riley Sheahan in Ice Hogs zone.
15:03 of 2nd period - Slapshot by Ryan Malone.
15:03 of 2nd period - Shot Blocked by Mathieu Brodeur.
15:09 of 2nd period - Derek Forbort is hit by Tanner Pearson and loses puck.
15:14 of 2nd period - Slapshot by Tanner Pearson.
15:14 of 2nd period - Shot Misses the Net.
15:48 of 2nd period - Snap shot by Riley Sheahan.
15:48 of 2nd period - Stopped by Reto Berra without a rebound.
15:49 of 2nd period - C.J. Stretch wins face-off versus Riley Sheahan in Monarchs zone.
15:49 of 2nd period - C.J. Stretch is hit by Michael Bournival.
17:30 of 2nd period - Wrist shot by Derek Roy.
17:30 of 2nd period - Shot Misses the Net.
17:32 of 2nd period - Snap shot by Chay Genoway.
17:32 of 2nd period - Stopped by Reto Berra without a rebound.
17:33 of 2nd period - Mikhail Grigorenko wins face-off versus Riley Sheahan in Monarchs zone.
17:38 of 2nd period - Slapshot by Joe Morrow.
17:38 of 2nd period - Shot Blocked by J.T. Miller.
17:53 of 2nd period - Off-side.
17:54 of 2nd period - Travis Morin wins face-off versus Brett Olson in neutral zone.
17:59 of 2nd period - Snap shot by Tyler Toffoli.
17:59 of 2nd period - Stopped by Reto Berra with a rebound.
18:07 of 2nd period - Snap shot by Tanner Pearson.
18:07 of 2nd period - Stopped by Reto Berra with a rebound.
18:23 of 2nd period - Wrist shot by Seth Griffith.
18:23 of 2nd period - Shot Misses the Net.
18:25 of 2nd period - Snap shot by Oscar Lindberg.
18:25 of 2nd period - Stopped by Reto Berra with a rebound.
18:46 of 2nd period - Icing by Riley Sheahan.
18:47 of 2nd period - C.J. Stretch wins face-off versus Riley Sheahan in Ice Hogs zone.
18:48 of 2nd period - Snap shot by Raffi Torres.
18:48 of 2nd period - Stopped by Scott Darling with a rebound.
19:13 of 2nd period - David Rundblad is hit by Jason Garrison and loses puck.
19:50 of 2nd period - Wrist shot by Mikhail Grigorenko.
19:50 of 2nd period - Shot Blocked by Travis Morin.
Goals for this period are 1 for Monarchs vs 1 for Ice Hogs.
Shots for this period are 11 for Monarchs vs 8 for Ice Hogs.

3rd period


0:01 of 3rd period - Ryan Malone wins face-off versus Riley Sheahan in neutral zone.
0:04 of 3rd period - Slapshot by Keith Ballard.
0:04 of 3rd period - Shot Misses the Net.
0:19 of 3rd period - Wrist shot by Derek Roy.
0:19 of 3rd period - Shot Misses the Net.
0:21 of 3rd period - Slapshot by Riley Sheahan.
0:21 of 3rd period - Stopped by Reto Berra with a rebound.
0:23 of 3rd period - Slapshot by Jason Garrison.
0:23 of 3rd period - Shot Misses the Net.
0:52 of 3rd period - Minor Penalty to Jason Jaffray for Hooking.
0:53 of 3rd period - Tyler Toffoli wins face-off versus Bobby Robins in Monarchs zone.
0:53 of 3rd period - Wrist shot by Travis Morin.
0:53 of 3rd period - Deflect By Tyler Toffoli.
0:53 of 3rd period - Shot Misses the Net.
0:53 of 3rd period - Puck is out of play.
0:54 of 3rd period - Tanner Pearson wins face-off versus Bobby Robins in Monarchs zone.
2:03 of 3rd period - Jared Knight is hit by Zach Redmond and loses puck.
2:24 of 3rd period - Slapshot by Jason Garrison.
2:24 of 3rd period - Deflect By Mikhail Grigorenko.
2:24 of 3rd period - Stopped by Reto Berra with a rebound.
2:26 of 3rd period - Wrist shot by Jason Garrison.
2:26 of 3rd period - Shot Misses the Net.
2:28 of 3rd period - Snap shot by Travis Morin.
2:28 of 3rd period - Stopped by Reto Berra without a rebound.
2:29 of 3rd period - Bobby Robins wins face-off versus Tanner Pearson in Monarchs zone.
2:52 of 3rd period - Penalty to Jason Jaffray is over, Jason Jaffray is back on ice.
3:21 of 3rd period - Off-side.
3:22 of 3rd period - Travis Morin wins face-off versus Ryan Malone in neutral zone.
4:21 of 3rd period - Wrist shot by Tanner Pearson.
4:21 of 3rd period - Deflect By Ryan Malone.
4:21 of 3rd period - Shot Misses the Net.
4:21 of 3rd period - Puck is out of play.
4:22 of 3rd period - Riley Sheahan wins face-off versus C.J. Stretch in Monarchs zone.
4:27 of 3rd period - Wrist shot by Riley Sheahan.
4:27 of 3rd period - Stopped by Reto Berra with a rebound.
4:40 of 3rd period - Icing by C.J. Stretch.
4:41 of 3rd period - Oscar Lindberg wins face-off versus C.J. Stretch in Monarchs zone.
4:56 of 3rd period - Wrist shot by Raffi Torres.
4:56 of 3rd period - Deflect By Jason Garrison.
4:56 of 3rd period - Shot Misses the Net.
4:56 of 3rd period - Puck is out of play.
4:57 of 3rd period - Mikhail Grigorenko wins face-off versus Oscar Lindberg in Ice Hogs zone.
5:04 of 3rd period - Snap shot by Mikhail Grigorenko.
5:04 of 3rd period - Shot Misses the Net.
5:06 of 3rd period - Wrist shot by Mikhail Grigorenko.
5:06 of 3rd period - Shot Misses the Net.
5:12 of 3rd period - Slapshot by Keith Ballard.
5:12 of 3rd period - Deflect By Jason Garrison.
5:12 of 3rd period - Stopped by Scott Darling without a rebound.
5:13 of 3rd period - Mikhail Grigorenko wins face-off versus Riley Sheahan in Ice Hogs zone.
5:32 of 3rd period - Jared Knight is hit by Tanner Pearson and loses puck.
5:57 of 3rd period - Zach Redmond is hit by Keith Ballard and loses puck.
7:19 of 3rd period - Wrist shot by C.J. Stretch.
7:19 of 3rd period - Stopped by Scott Darling with a rebound.
7:21 of 3rd period - Slapshot by C.J. Stretch.
7:21 of 3rd period - Stopped by Scott Darling with a rebound.
7:27 of 3rd period - Slapshot by Joe Morrow.
7:27 of 3rd period - Stopped by Scott Darling without a rebound.
7:28 of 3rd period - Mikhail Grigorenko wins face-off versus Riley Sheahan in Ice Hogs zone.
7:37 of 3rd period - Wrist shot by Mikhail Grigorenko.
7:37 of 3rd period - Shot Misses the Net.
7:57 of 3rd period - Jared Knight is hit by Tyler Toffoli and loses puck.
9:35 of 3rd period - Wrist shot by Tanner Pearson.
9:35 of 3rd period - Shot Misses the Net.
10:34 of 3rd period - Slapshot by Joe Morrow.
10:34 of 3rd period - Stopped by Scott Darling with a rebound.
10:48 of 3rd period - Wrist shot by Michael Bournival.
10:48 of 3rd period - Goal by Michael Bournival - Monarchs : 1 - Ice Hogs : 2.
10:49 of 3rd period - Brett Olson wins face-off versus Riley Sheahan in neutral zone.
10:52 of 3rd period - Slapshot by David Rundblad.
10:52 of 3rd period - Stopped by Scott Darling with a rebound.
11:25 of 3rd period - David Rundblad is hit by Jason Garrison and loses puck.
12:18 of 3rd period - Off-side.
12:19 of 3rd period - Brett Olson wins face-off versus Riley Sheahan in neutral zone.
12:33 of 3rd period - Snap shot by Tanner Pearson.
12:33 of 3rd period - Deflect By Riley Sheahan.
12:33 of 3rd period - Shot Blocked by Derek Forbort.
12:33 of 3rd period - Puck is out of play.
12:34 of 3rd period - Riley Sheahan wins face-off versus Raffi Torres in Monarchs zone.
13:19 of 3rd period - Snap shot by Roman Horak.
13:19 of 3rd period - Deflect By Travis Morin.
13:19 of 3rd period - Shot Blocked by Jason Jaffray.
13:19 of 3rd period - Puck is out of play.
13:20 of 3rd period - Travis Morin wins face-off versus Brett Olson in Monarchs zone.
13:28 of 3rd period - Icing by Ryan Malone.
13:29 of 3rd period - Brett Olson wins face-off versus Michael Bournival in Monarchs zone.
14:46 of 3rd period - Wrist shot by Roman Horak.
14:46 of 3rd period - Shot Blocked by Mikhail Grigorenko.
15:02 of 3rd period - Slapshot by Roman Horak.
15:02 of 3rd period - Stopped by Reto Berra with a rebound.
15:04 of 3rd period - Wrist shot by Roman Horak.
15:04 of 3rd period - Stopped by Reto Berra without a rebound.
15:05 of 3rd period - Brett Olson wins face-off versus Riley Sheahan in Monarchs zone.
15:17 of 3rd period - Snap shot by David Rundblad.
15:17 of 3rd period - Deflect By Ryan Malone.
15:17 of 3rd period - Stopped by Scott Darling without a rebound.
15:18 of 3rd period - Brett Olson wins face-off versus Riley Sheahan in Ice Hogs zone.
15:47 of 3rd period - Minor Penalty to Tanner Pearson for Holding.
15:48 of 3rd period - Mikhail Grigorenko wins face-off versus Michael Bournival in Ice Hogs zone.
15:55 of 3rd period - Slapshot by Nathan Paetsch.
15:55 of 3rd period - Shot Blocked by Jason Garrison.
15:57 of 3rd period - Slapshot by Keith Ballard.
15:57 of 3rd period - Deflect By Mikhail Grigorenko.
15:57 of 3rd period - Shot Blocked by Roman Horak.
15:57 of 3rd period - Puck is out of play.
15:58 of 3rd period - Roman Horak wins face-off versus Mikhail Grigorenko in Ice Hogs zone.
16:19 of 3rd period - Snap shot by Jason Garrison.
16:19 of 3rd period - Stopped by Reto Berra with a rebound.
16:49 of 3rd period - Snap shot by Matej Stransky.
16:49 of 3rd period - Stopped by Scott Darling without a rebound.
16:50 of 3rd period - Brett Olson wins face-off versus Seth Griffith in Ice Hogs zone.
16:51 of 3rd period - Slapshot by Raffi Torres.
16:51 of 3rd period - Shot Misses the Net.
16:53 of 3rd period - Wrist shot by Brett Olson.
16:53 of 3rd period - Stopped by Scott Darling with a rebound.
16:55 of 3rd period - Slapshot by Brett Olson.
16:55 of 3rd period - Shot Misses the Net.
16:57 of 3rd period - Backhand shot by Matej Stransky.
16:57 of 3rd period - Stopped by Scott Darling with a rebound.
16:59 of 3rd period - Slapshot by Matej Stransky.
16:59 of 3rd period - Shot Misses the Net.
17:07 of 3rd period - Wrist shot by Raffi Torres.
17:07 of 3rd period - Shot Hit the Post.
17:09 of 3rd period - Snap shot by Brett Olson.
17:09 of 3rd period - Shot Misses the Net.
17:11 of 3rd period - Slapshot by Derek Forbort.
17:11 of 3rd period - Stopped by Scott Darling without a rebound.
17:12 of 3rd period - Mikhail Grigorenko wins face-off versus Michael Bournival in Ice Hogs zone.
17:31 of 3rd period - Slapshot by Keith Ballard.
17:31 of 3rd period - Deflect By Mikhail Grigorenko.
17:31 of 3rd period - Shot Misses the Net.
17:31 of 3rd period - Puck is out of play.
17:32 of 3rd period - Mikhail Grigorenko wins face-off versus Michael Bournival in Ice Hogs zone.
17:47 of 3rd period - Penalty to Tanner Pearson is over, Tanner Pearson is back on ice.
17:57 of 3rd period - Snap shot by Keith Ballard.
17:57 of 3rd period - Stopped by Scott Darling without a rebound.
17:58 of 3rd period - Riley Sheahan wins face-off versus Brett Olson in Ice Hogs zone.
19:00 of 3rd period - Monarchs, Reto Berra is pulled from the net.
19:54 of 3rd period - Snap shot by Keith Ballard.
19:54 of 3rd period - Stopped by Scott Darling without a rebound.
19:55 of 3rd period - John Anderson call a timeout for Monarchs.
19:55 of 3rd period - Roman Horak wins face-off versus Jared Knight in Ice Hogs zone.
Goals for this period are 0 for Monarchs vs 1 for Ice Hogs.
Shots for this period are 13 for Monarchs vs 8 for Ice Hogs.


Output by the SimonT Hockey Simulator (STHS) for Eric Dolegowski -- Original Page W3C XHTML 1.0 Valid
Hockey Simulator - Hockey Simulation - Hockey Manager